cohdb
Replays
Latest Replays
All Replays
Popular Replays
Top Player Replays
Match Explorer
How It Works
Community
CoH3 Stats
Reddit
Sign in to upload your games and track your stats! →
Sign in with Steam
Match 41699881
Unlisted
Match 41699881
Overview
Messages
Build Orders
End
Pioneer Squad
Construct Infanterie Kompanie
Selects Terror Battlegroup
Selects Machine Gun Camouflage
Grenadier Squad
Grenadier Squad
MG 42 Machine Gun Team
Construct Panzergrenadier Kompanie
Support Elements
Nebelwerfer 42 Rocket Launcher Team
MG 42 Machine Gun Team
Selects Interrogate
StuG III G Assault Gun
Panzergrenadier Squad
Panzergrenadier Squad
Selects Defend the Fatherland
Panzergrenadier Squad
Medical Bunker
StuG III G Assault Gun
Panzergrenadier Officer Quarters
Side Skirts
Grenadier Squad
Nebelwerfer 42 Rocket Launcher Team
.
KevinTDW
fox
Adamir@Magnum.CZ
0
0
Comments
sign in to comment!
No comments posted yet!